 Dungeon Crawl Stone Soup version 0.18-a0-1788-g92de1ac (webtiles) character file.

44 Mefis the Magician (level 3, -1/25 HPs)
             Began as a Human Wizard on Apr 20, 2016.
             Slain by a polar bear (24 damage)
             ... created by the rage of Trog
             ... on level 2 of the Dungeon.
             The game lasted 00:11:38 (1577 turns).

Mefis the Magician (Human Wizard)                   Turns: 1577, Time: 00:11:39

Health: -1/25      AC:  2    Str:  7    XL:     3   Next: 85%
Magic:  2/8        EV: 12    Int: 19    God:
Gold:   73         SH:  0    Dex: 11    Spells: 4 memorised, 2 levels left

rFire  . . .     SeeInvis .     k - +0 spear (venom)
rCold  . . .     Gourm    .     a - +0 robe
rNeg   . . .     Faith    .     (no shield)
rPois  .         Spirit   .     b - +0 hat
rElec  .         Dismiss  .     (no cloak)
rCorr  .         Reflect  .     (no gloves)
SustAt .         Harm     .     (no boots)
MR     .....                    (no amulet)
Stlth  ++........               (no ring)
                                (no ring)

@: not resistant to hostile enchantments, unstealthy
A: no striking features
a: no special abilities


You were on level 2 of the Dungeon.
You were not hungry.

You visited 1 branch of the dungeon, and saw 2 of its levels.

You collected 73 gold pieces.

Inventory:

Hand Weapons
 j - a +0 dagger
 k - a +0 spear of venom (weapon)
 m - a +0 short sword
Missiles
 e - 66 sling bullets
 g - 33 bolts
Armour
 a - a +0 robe (worn)
 b - a +0 hat (worn)
Scrolls
 i - a scroll of identify {unknown}
 l - 2 scrolls of teleportation {unknown}
 n - a scroll of recharging {unknown}
 r - a scroll of amnesia {unknown}
 s - 2 scrolls of remove curse {unknown}
Potions
 h - 3 potions of mutation {unknown}
 p - a potion of resistance {unknown}
 q - 2 potions of might {unknown}
 t - a potion of cure mutation {unknown}
Books
 c - a book of Minor Magic

   Spells                             Type                      Level
   a - Magic Dart                     Conjuration                  1
   b - Blink                          Translocation                2
   c - Call Imp                       Summoning                    2
   d - Repel Missiles                 Charms/Air                   2
   e - Slow                           Hexes                        2
   f - Conjure Flame                  Conjuration/Fire             3
   g - Mephitic Cloud                 Conjuration/Poison/Air       3
Comestibles
 d - a bread ration
 f - 2 royal jellies
 o - 4 fruits
 u - a chunk of flesh


   Skills:
 + Level 0.6 Fighting
 + Level 2.3 Dodging
 + Level 2.4 Stealth
 - Level 3.6 Spellcasting
 - Level 1.1 Conjurations
 - Level 1.2 Summonings
 - Level 1.0 Translocations


You had 2 spell levels left.
You knew the following spells:

 Your Spells              Type           Power        Failure   Level  Hunger
a - Magic Dart            Conj           #...         10%         1    None
b - Call Imp              Summ           #.......     14%         2    ##.....
c - Blink                 Tloc           N/A          17%         2    ##.....
d - Repel Missiles        Chrm/Air       #.....       24%         2    ##.....


Dungeon Overview and Level Annotations

Branches:
Dungeon (2/15)

Altars:
Cheibriados
Trog


Message History

The black bear closely misses your white imp.
You hear an angry growl.
Your white imp closely misses the black bear.
Press: ? - help, v - describe, . - travel
Here: a polar bear (berserk, fast, unusually strong, durably summoned)
The floor.
You hear an angry growl.
The black bear bites your crimson imp!
Your crimson imp dies!
The polar bear closely misses you. x2
The polar bear claws you but does no damage.
You hear an angry growl.
Your magical contamination has completely faded away.
You hear an angry growl.
The polar bear closely misses you.
The polar bear claws you but does no damage.
The polar bear barely misses you. The polar bear bites you!!
Ouch! That really hurt!
You die...

#. #.# #.# ##.# #.# #.#.#
.. ##.# #.# #..# #.#
#.#.# #.# #<.# #.# #.##
#.# ... #### #.# ##..#
#.# #..######## #(. ...#
.### #.# #.........# ###
#..# ... #.#
#5h)..##.####### #..##...
#.#
#ยง#...........###...#..
..#.#
#.#...#.#.h..h@...#.#.#
#.#.#
#h#.....#.###h#####.#.#
#.#.# ###.#######.# #.#
#...# #.#.# #...........#
#.# ##..# #.#.#
#.#############.######..#
#.#.#
.....................#..#
#.#.#
###.###########.####.##.#
#.#.# #.#
#.........>###.#)###
###.#
#...#...###.........


You could see 2 polar bears and a black bear (berserk).

Vanquished Creatures
  A gnoll (D:1)
  A giant gecko (D:1)
  A ball python (D:1)
  2 giant cockroaches
  5 goblins (D:1)
  4 hobgoblins
  7 bats
  2 giant newts (D:1)
  4 kobolds
  4 rats
31 creatures vanquished.

Vanquished Creatures (collateral kills)
  A kobold (D:1)
1 creature vanquished.

Grand Total: 32 creatures vanquished

Notes
Turn   | Place    | Note
--------------------------------------------------------------
     0 | D:1      | Mefis the Human Wizard began the quest for the Orb.
     0 | D:1      | Reached XP level 1. HP: 13/13 MP: 4/4
   490 | D:1      | Reached XP level 2. HP: 5/20 MP: 0/6
   615 | D:1      | Learned a level 2 spell: Call Imp
   618 | D:1      | Learned a level 2 spell: Blink
   621 | D:1      | Learned a level 2 spell: Repel Missiles
   713 | D:1      | Reached XP level 3. HP: 18/25 MP: 1/7
  1361 | D:2      | Found a faded altar to an unknown god.
  1370 | D:2      | Became a worshipper of Trog the Wrathful
  1370 | D:2      | Reached * piety under Trog
  1371 | D:2      | Fell from the grace of Trog
  1534 | D:2      | Found a snail-covered altar of Cheibriados.
  1567 | D:2      | Noticed a polar bear
  1567 | D:2      | Noticed a black bear
  1567 | D:2      | Noticed a black bear
  1567 | D:2      | Noticed a polar bear
  1577 | D:2      | Slain by a polar bear

Vault maps used:
D:1:      dpeg_arrival_boxorama, solitary_fountain
D:2:      lemuel_doored_altar, ecumenical_altar_2,
          hangedman_abyss_or_decor_stabs, st_stairs_9, bloody_trog

Action                   || total
-------------------------++-------
Melee: Unarmed           ||    16
       Dagger            ||     9
       Spear             ||    30
 Cast: Magic Dart        ||    45
       Call Imp          ||     5
       Repel Missiles    ||     1
       Blink             ||     1
Invok: Renounce Religion ||     1
 Stab: Sleeping          ||     5
  Eat: Chunk             ||     2
Armor: Robe              ||     7
Dodge: Dodged            ||    42
       Deflected         ||     1
